 Dungeon Crawl Stone Soup version 0.30-a0-381-g6ea064c7b4 (webtiles) character file.

Game seed: 16005964703278714681

47 Maratek the Firebug (level 3, 0/25 HPs)
             Began as a Demonspawn Fire Elementalist on Dec 1, 2022.
             Slain by an orc wizard
             ... wielding a +2 dagger of pain
              (3 damage)
             ... on level 3 of the Dungeon.
             The game lasted 00:08:37 (1063 turns).

Maratek the Firebug (Demonspawn Fire Elementalist)  Turns: 1063, Time: 00:08:38

Health: 0/25       AC:  3    Str:  8    XL:     3   Next: 48%
Magic:  2/6        EV: 12    Int: 18    God:
Gold:   67         SH:  0    Dex: 13    Spells: 4/7 levels left

rFire   . . .      SeeInvis .    (no weapon)
rCold   . . .      Faith    .    (no shield)
rNeg    . . .      Spirit   .    a - +0 robe
rPois   .          Reflect  .    (no helmet)
rElec   .          Harm     .    (no cloak)
rCorr   .          Rampage  .    (no gloves)
Will    .....                    f - +0 pair of boots
Stlth   ++........               c - amulet of magic regeneration
HPRegen 0.24/turn                l - ring of wizardry
MPRegen 0.50/turn                (no ring)

@: flying
A: ignite blood 1
a: no special abilities


You were on level 3 of the Dungeon.
You visited 1 branch of the dungeon, and saw 3 of its levels.

You collected 67 gold pieces.

Inventory:

Armour
 a - a +0 robe (worn)
 f - a +0 pair of boots (worn)
Jewellery
 c - an amulet of magic regeneration (around neck)
 d - an amulet of regeneration
 l - a ring of wizardry (left hand)
Scrolls
 e - a scroll of butterflies {unknown}
 h - a scroll of fear {unknown}
 j - a scroll of silence {unknown}
 k - a scroll of enchant weapon {unknown}
 o - a scroll of identify
Potions
 b - a potion of magic
 i - a potion of attraction {unknown}
 m - a potion of cancellation {unknown}
 n - a potion of heal wounds {unknown}


   Skills:
 + Level 0.6 Fighting
 + Level 1.8 Dodging
 + Level 1.8 Stealth
 + Level 2.5 Spellcasting
 + Level 1.4 Conjurations
 + Level 3.4 Fire Magic


You had 4 spell levels left.
You knew the following spells:

 Your Spells              Type           Power      Damage    Failure   Level
a - Foxfire               Conj/Fire      44%        2x1d6     2%          1
b - Scorch                Fire           28%        2d6       2%          2

Your spell library contained the following spells:

 Spells                   Type           Power      Damage    Failure   Level
 Magic Dart               Conj           28%        1d4       4%          1
 Sandblast                Erth           4%         2d4       7%          1
 Call Imp                 Summ           2%         N/A       11%         2
 Passwall                 Tmut/Erth      1%         N/A       11%         2
 Inner Flame              Hex/Fire       8%         N/A       11%         3
 Kindle Blastsparks       Fire/Tloc/Air  12%        2d11      13%         3
 Mephitic Cloud           Conj/Pois/Air  3%         N/A       16%         3
 Stone Arrow              Conj/Erth      8%         3d7       16%         3
 Frozen Ramparts          Ice            4%         1d1       21%         3
 Flame Wave               Conj/Fire      11%        2d6       26%         4
 Ice Form                 Ice/Tmut       2%         N/A       52%         4
 Summon Ice Beast         Ice/Summ       2%         N/A       52%         4


Dungeon Overview and Level Annotations

Branches:
Dungeon (3/15)

Altars:


Innate Abilities, Weirdness & Mutations

Your demonic aura sometimes causes spilled blood to erupt in flames.


Message History

You're too confused to cast spells.
The orc attacks as you move away! The orc closely misses you.
An endoplasm comes into view.
The endoplasm quivers.
You bump into the rock wall.
You feel less confused. Something barely misses you.
The orc closely misses you.
You hear some strange, mumbled words.
A magic dart appears from out of thin air!
The magic dart hits you! The orc barely misses you.
Casting: Foxfire (safe; 2% risk of failure)
Confirm with . or Enter, or press ? or * to list all spells.
Flames lash the orc.
You kill the orc!
Something hits you but does no damage.
You writhe in agony.
* * * LOW HITPOINT WARNING * * *
The orc barely misses you.
Casting: Scorch (safe; 2% risk of failure)
Confirm with . or Enter, or press ? or * to list all spells.
Flames lash the endoplasm.
You kill the endoplasm!
You hear a shout!
The orc closely misses you. Something hits you.
* * * LOW HITPOINT WARNING * * *
You writhe in agony.
* * * LOW HITPOINT WARNING * * *
Casting: Scorch (safe; 2% risk of failure)
Confirm with . or Enter, or press ? or * to list all spells.
Flames lash the orc.
The orc is almost dead.
The orc's fire resistance burns away.
The orc closely misses you. Something hits you.
* * * LOW HITPOINT WARNING * * *
Casting: Scorch (safe; 2% risk of failure)
Confirm with . or Enter, or press ? or * to list all spells.
You don't have enough magic to cast this spell.
It was a potion of flight.
You feel very buoyant.
You fly up into the air.
The orc closely misses you. Something hits you.
You die...

#......# #......#
##......#############
........)....<.......
#.......##.......###.
..[.....##.......#
.#......##.......#.
..........o{.......#
........#.@)#.######
##..###...###... #..
#..# #..... ....
...... .....# .....
##.## .... ... ..


You could see an orc (combustible).

Vanquished Creatures
  A worm (D:2)
  3 dart slugs (D:1)
  2 orcs (D:3)
  A ball python (D:1)
  4 bats (D:1)
  2 endoplasms
  A giant cockroach (D:2)
  3 goblins
  4 hobgoblins
  5 kobolds
  2 quokkas (D:2)
  2 frilled lizards
  2 rats (D:2)
32 creatures vanquished.

Vanquished Creatures (others)
  61 foxfires
61 creatures vanquished.

Grand Total: 93 creatures vanquished

Notes
Turn   | Place    | Note
-------+----------+-------------------------------------------
     0 | D:1      | Maratek the Demonspawn Fire Elementalist began the quest
                  | for the Orb.
     0 | D:1      | Reached XP level 1. HP: 13/13 MP: 3/3
   238 | D:1      | Reached skill level 3 in Fire Magic
   265 | D:1      | Gained mutation: Your demonic aura sometimes causes spilled
                  | blood to erupt in flames. [demonic ancestry]
   265 | D:1      | Reached XP level 2. HP: 19/19 MP: 5/5
   433 | D:1      | Learned a level 2 spell: Scorch
   869 | D:2      | Reached XP level 3. HP: 25/25 MP: 3/6
  1063 | D:3      | Slain by an orc wizard

Illustrated notes

Levels and vault maps discovered:
D:1:      elethiomel_arrival_infinity_welcomes_careful_drivers,
          layout_loops_cross, skrybe_limestone_x
D:2:      layout_rooms, serial_shops, shop
D:3:      layout_basic, hellmonk_ecumenical_altar_blasted, uniq_ijyb

Skill      XL: |  1 |
---------------+----+-----
Fire Magic     | 3 |  3.4
Fighting       | |  0.6
Dodging        | |  1.8
Stealth        | |  1.8
Spellcasting   | |  2.5
Conjurations   | |  1.4

Action                   || total
-------------------------++-------
Melee: Unarmed           ||     1
 Cast: Foxfire           ||    46
       Scorch            ||    19
  Use: Scroll            ||     1
       Potion            ||     1
Armor: Robe              ||     8
Dodge: Dodged            ||    35

Table legend: (Time is in decaauts)
 A = Elapsed time spent in this place.
 B = Non-inter-level travel time spent in this place.
 C = Inter-level travel time spent in this place.
 D = Time resting spent in this place.
 E = Time spent auto-exploring this place.
 F = Levels seen in this place.
 G = Mean time per level.
                   A        B        C        D        E       F      G
               +--------+--------+--------+--------+--------+-----+--------+
         Total |   1062 |   1062 |      0 |      0 |    662 |   3 |  354.0 |
       Dungeon |   1062 |   1062 |      0 |      0 |    662 |   3 |  354.0 |
               +--------+--------+--------+--------+--------+-----+--------+

Top non-repeatable levels by time:
     D:1: 790 daAuts
     D:2: 238 daAuts
     D:3: 32 daAuts
